SCURSCUM, neutral female scurrid Archeologist ... Z@. --- SCURSCUM the Digger Experience level: 1 Strength: 15 Dexterity: 9 Constitution: 11 Intelligence: 15 Wisdom: 16 Charisma: 9 Health: 0(12) Energy: 2(2) Def: 2 Gold: 0 Moves: 56 Dungeon seed: DjKbEesuW-0PmoPc Game ID: SCURSCUM_1498607283 Your Inventory: Weapons a - an uncursed +2 bullwhip h - an uncursed +0 boomerang (in quiver) Armor e - an uncursed +0 leather jacket (being worn) n - an uncursed +0 pair of leather gloves (being worn) Comestibles b - 3 uncursed chestnuts Wands d - an uncursed wand of light (0:15) Tools c - an uncursed pair of lenses f - an uncursed sack g - an uncursed tin opener (alternate weapon; not wielded) Gems q - an uncursed touchstone Spells and supernatural/magical abilities: Name Level Category Fail Memory W - pray for help -- divine ? -- Your skills at the end: Miscellaneous Skills wands [Basic] Weapon Skills boomerang [Basic] whip [Basic] Spellcasting Skills Final Attributes: You were devoutly aligned. You had infravision. You were very stealthy. You were fast. You are dead. Voluntary challenges: You went without food. You did not adorn yourself with jewelry or accessories. You did not cause conflict. You were not invisible. You did not have reflection. You were not displaced. You were an atheist. You never hit with a wielded weapon. You were a pacifist. You did not use tools. You did not use plumbed fixtures. You did not drink any magical draughts. You were illiterate. You never genocided any monsters. You never polymorphed an object. You never changed form. You used no wishes. You never split a pudding. You never wrote Elbereth's name. You never violated your personal moral code. Dungeon overview: The Dungeons of Doom: levels 1 to 18 Level 1 a long staircase Level 2 Level 3 Level 4 Level 5 a fountain Level 6 Level 7 Level 8 Level 9 Level 10 Level 11 Level 12 Level 13 Level 14 Level 15 some fountains Level 16 Level 17 Level 18 <- You were here History has recorded: On T:1 you entered the Dungeons of Doom to retrieve the Amulet of Yendor! On T:25 you reached level 2 of The Dungeons of Doom. On T:27 you reached level 3 of The Dungeons of Doom. On T:29 you reached level 4 of The Dungeons of Doom. On T:30 you reached level 5 of The Dungeons of Doom. On T:32 you reached level 6 of The Dungeons of Doom. On T:34 you reached level 7 of The Dungeons of Doom. On T:36 you reached level 8 of The Dungeons of Doom. On T:38 you reached level 9 of The Dungeons of Doom. On T:40 you reached level 10 of The Dungeons of Doom. On T:42 you reached level 11 of The Dungeons of Doom. On T:43 you reached level 12 of The Dungeons of Doom. On T:46 you reached level 13 of The Dungeons of Doom. On T:48 you reached level 14 of The Dungeons of Doom. On T:49 you reached level 15 of The Dungeons of Doom. On T:51 you reached level 16 of The Dungeons of Doom. On T:53 you reached level 17 of The Dungeons of Doom. On T:55 you reached level 18 of The Dungeons of Doom. On T:55 you entered the Rogue tribute level. Score breakdown: Gold: 0 ( 0 points) Experience: 1 level ( 0 points) Exploration: 18 levels ( 510 points) Discoveries: 0 items ( 0 points) Variety of kills: 0 monsters ( 0 points) Major goal: (nothing yet) ( 0 points) Survival: died (score multiplied by 3) Total score: 1530 Latest messages: You continue digging downward. You dig a pit in the floor. You continue digging downward. You dig a hole through the floor. You fall through... You start digging downward. You continue digging downward. You dig a pit in the floor. You continue digging downward. You dig a hole through the floor. You fall through... You start digging downward. You continue digging downward. You dig a pit in the floor. You continue digging downward. You dig a hole through the floor. You fall through... You enter what seems to be an older, more primitive world. You start digging downward. The giant zombie scratches you! You die... The sack is empty. The sack is empty. Final status: Goodbye SCURSCUM the Archeologist, killed by a giant zombie... You died in The Dungeons of Doom on dungeon level 18 with 1530 points, and 0 pieces of gold, after 56 moves. You were level 1 with a maximum of 12 hit points when you died.